 Dungeon Crawl Stone Soup version 0.29-a0-251-g80730f7218 (webtiles) character file.

Game seed: 10220949374154345168

220 Astera the Skirmisher (level 5, -1/44 HPs)
             Began as a Palentonga Fighter on Mar 5, 2022.
             Was a Follower of Uskayaw.
             Killed by divine providence
             ... invoked by an orc priest
              (10 damage)
             ... on level 3 of the Dungeon.
             The game lasted 00:08:14 (2682 turns).

Astera the Skirmisher (Palentonga Fighter)          Turns: 2682, Time: 00:08:15

Health: -1/44      AC:  6    Str: 19    XL:     5   Next: 64%
Magic:  0/5        EV:  7    Int:  8    God:    Uskayaw [*.....]
Gold:   108        SH:  4    Dex: 12    Spells: 4/4 levels left

rFire   . . .      SeeInvis +   a - +0 war axe
rCold   . . .      Faith    .   c - +0 buckler
rNeg    . . .      Spirit   +   b - +0 scale mail
rPois   +          Reflect  .   (no helmet)
rElec   .          Harm     .   (no cloak)
rCorr   .          Rampage  .   (no gloves)
Will    .....                   (no barding)
Stlth   ..........              i - amulet of guardian spirit
HPRegen 0.14/turn               f - ring of poison resistance
MPRegen 0.09/turn               l - ring of poison resistance

@: no status effects
A: large, rugged brown scales 3, see invisible, deformed body, roll 1, armoured
tail
a: Rolling Charge, Renounce Religion, Stomp


You were on level 3 of the Dungeon.
You worshipped Uskayaw.
Uskayaw was noncommittal.
You visited 1 branch of the dungeon, and saw 3 of its levels.

You collected 108 gold pieces.

Inventory:

Hand Weapons
 a - a +0 war axe (weapon)
Missiles
 r - a throwing net
Armour
 b - a +0 scale mail (worn)
 c - a +0 buckler (worn)
 q - the +1 robe of Marbles {-Tele rElec rCorr Archmagi}
   (You found it on level 2 of the Dungeon)

   rElec:     It insulates you from electricity.
   -Tele:     It prevents most forms of teleportation.
   rCorr:     It protects you from acid and corrosion.
   Archmagi:  It increases the power of your magical spells.
Jewellery
 f - a ring of poison resistance (left hand)
 i - an amulet of guardian spirit (around neck)
 l - a ring of poison resistance (right hand)
Scrolls
 g - 6 scrolls of identify {unknown}
 h - a scroll of noise {unknown}
 j - a scroll of torment {unknown}
 k - a scroll of brand weapon {unknown}
 o - a scroll of fear {unknown}
 s - a scroll of vulnerability {unknown}
Potions
 d - a potion of might
 e - 3 potions of curing {unknown}
 m - 3 potions of attraction {unknown}
 n - a potion of ambrosia {unknown}
 p - a potion of heal wounds {unknown}


   Skills:
 + Level 4.0 Fighting
 + Level 3.4 Axes
 + Level 3.3 Armour
 + Level 3.4 Shields


You had 4 spell levels left.
You didn't know any spells.
Your spell library was empty.

Dungeon Overview and Level Annotations

Branches:
Dungeon (3/15)

Altars:
Dithmenos
Uskayaw

Shops:
D:2 [


Innate Abilities, Weirdness & Mutations

You are completely covered in rugged brown scales. (AC +3, +7% HP)
You have supernaturally acute eyesight. (SInv)
Armour fits poorly on your strangely shaped body.
You can roll at nearby foes to attack.
You have a long armoured tail.


Message History

Beogh smites you!
Unknown command.
You enter the shallow water.
Moving in this stuff is going to be slow.
The orc priest casts a cantrip, but nothing happens.
You roll forward with a clatter of scales!
You closely miss the gnoll. You tail-slap the gnoll!
The gnoll is heavily wounded.
The gnoll hits you but does no damage.
You closely miss the gnoll.
You tail-slap the gnoll, but do no damage.
The gnoll is heavily wounded.
The gnoll hits you with a +1 halberd of protection!
You hit the gnoll.
Your tail-slap misses the gnoll.
The gnoll is almost dead.
The gnoll barely misses you.
The orc priest looks satisfied for a moment.
The gnoll hits you with a +1 halberd of protection.
You closely miss the gnoll.
The gnoll is severely wounded.
The gnoll hits you with a +1 halberd of protection.
You hit the gnoll but do no damage.
The gnoll is severely wounded.
The orc priest invokes the aid of Beogh against you.
Beogh smites you!
* * * LOW HITPOINT WARNING * * *
The gnoll barely misses you.
The orc priest miscasts a cantrip.
You hit the gnoll but do no damage.
You tail-slap the gnoll, but do no damage.
The gnoll is severely wounded.
The gnoll hits you with a +1 halberd of protection.
* * * LOW HITPOINT WARNING * * *
The orc priest casts a cantrip, but nothing happens.
The gnoll barely misses you.
Okay, then.
The gnoll barely misses you.
The orc priest mumbles some strange prayers to Beogh against you.
Beogh smites you!
You die...

#################################
....P..........................P.
..........o.P...@............P...
..≈≈≈≈≈≈≈≈≈≈≈g≈≈≈≈≈≈≈≈≈≈≈≈≈≈≈≈≈≈≈
..≈≈≈≈≈≈≈≈≈≈≈≈≈≈≈≈≈≈≈≈≈≈≈≈≈≈≈≈≈≈≈
..≈≈#####≈≈≈≈≈≈≈≈≈≈≈†≈≈≈≈≈≈≈≈≈≈≈≈
..≈≈#oo.#...........†............
..≈≈#...#########################
..≈≈###+# ..≈≈≈.# ..≈≈≈.#


You could see an orc priest and a gnoll.

Vanquished Creatures
  A howler monkey (D:3)
  A hound (D:3)
  2 adders
  5 gnolls
  2 worms
  A dart slug (D:1)
  3 orcs
  4 ball pythons
  2 bats (D:3)
  3 endoplasms
  A giant cockroach (D:2)
  4 goblins
  7 hobgoblins
  19 jackals
  4 kobolds
  A quokka (D:2)
  A frilled lizard (D:2)
  7 rats
68 creatures vanquished.

Vanquished Creatures (others)
  3 plants (D:3)
3 creatures vanquished.

Grand Total: 71 creatures vanquished

Notes
Turn   | Place    | Note
-------+----------+-------------------------------------------
     0 | D:1      | Astera the Palentonga Fighter began the quest for the Orb.
     0 | D:1      | Reached XP level 1. HP: 19/19 MP: 1/1
    51 | D:1      | Reached XP level 2. HP: 25/25 MP: 2/2
   575 | D:2      | Found a shadowy altar of Dithmenos.
   587 | D:2      | Found Vejanaf's Armour Shop.
   651 | D:2      | Reached XP level 3. HP: 6/31 MP: 1/3
   932 | D:2      | Identified the +1 robe of Marbles {-Tele rElec rCorr
                  | Archmagi}
  1512 | D:3      | Reached XP level 4. HP: 37/37 MP: 4/4
  2439 | D:3      | Found a faded altar of an unknown god.
  2465 | D:3      | Prayed at the altar of an unknown god.
  2465 | D:3      | Became a worshipper of Uskayaw the Reveller
  2465 | D:3      | Reached * piety under Uskayaw
  2516 | D:3      | Reached XP level 5. HP: 44/44 MP: 5/5
  2525 | D:3      | Reached ** piety under Uskayaw
  2544 | D:3      | Reached *** piety under Uskayaw
  2549 | D:3      | Reached skill level 4 in Fighting
  2682 | D:3      | Killed from afar by an orc priest

Illustrated notes

Levels and vault maps discovered:
D:1:      psy_arrival_basics, layout_rooms, minivault_23
D:2:      layout_basic, basic_altar, serial_shops,
          nicolae_shop_temple_entry_statues_fountains, minmay_pentomino_z4
D:3:      lemuel_castle_with_subvaults [lemuel_castle_interior_original],
          layout_rooms, ebering_ecumenical_altar_rust, serial_bayou_pond_b

Skill      XL: |  1  2  3  4  5 |
---------------+----------------+-----
Shields        | 3 |  3.4
Armour         | 3 |  3.3
Axes           | 3 |  3.4
Fighting       | 4 |  4.0

Action                   |  1- 3 |  4- 6 || total
-------------------------+-------+-------++-------
Melee: War axe           |    89 |    96 ||   185
       Tailslap          |    11 |    13 ||    24
 Abil: Rolling Charge    |    20 |    12 ||    32
 Stab: Paralysed         |       |     2 ||     2
Armor: Scale mail        |    40 |    47 ||    87
Dodge: Dodged            |    35 |    45 ||    80
Block: Buckler           |    13 |    31 ||    44

Table legend: (Time is in decaauts)
 A = Elapsed time spent in this place.
 B = Non-inter-level travel time spent in this place.
 C = Inter-level travel time spent in this place.
 D = Time resting spent in this place.
 E = Time spent auto-exploring this place.
 F = Levels seen in this place.
 G = Mean time per level.
                   A        B        C        D        E       F      G
               +--------+--------+--------+--------+--------+-----+--------+
         Total |   2765 |   2739 |     26 |   1068 |    775 |   3 |  921.7 |
       Dungeon |   2765 |   2739 |     26 |   1068 |    775 |   3 |  921.7 |
               +--------+--------+--------+--------+--------+-----+--------+

Top non-repeatable levels by time:
     D:2: 1515 daAuts
     D:3: 700 daAuts
     D:1: 549 daAuts
